Map: Oceanborn LE

Players

KatUrgitus

  • Race: Zerg Zerg
  • League: Master
  • Spawn Location: 5:00

SuGhandee - Winner!

  • Race: Protoss Protoss
  • League: Master
  • Spawn Location: 11:00

VOD

Have the link to the VOD?

Description

Time

  • Played on: Sept. 5, 2024, 10:05 p.m.
  • Length: 13:22
Show
View Real Time Build Order
Export as new Build Order

KatUrgitus Zerg 

Build Orders: Hatch First 

Get SALT Encoding   

  12  0:00  Drone  
  13  0:08  Drone  
  13  0:14  Extractor  
  13  0:15  Drone  
  15  0:37  Hatchery  
  15  0:41  Extractor, Drone  
  15  0:47  Overlord  
  15  1:03  Spawning Pool  
  14  1:06  Drone  
  14  1:09  Drone  
  16  1:15  Drone  
  16  1:18  Drone  
  18  1:28  Drone  
  19  1:41  Drone  
  20  1:49  Drone  
  20  1:50  Queen x2  
  20  1:52  Drone  
  26  2:00  Overlord  
  26  2:02  Drone  
  27  2:10  Drone  
  28  2:18  Hatchery  
  28  2:19  Drone  
  28  2:21  Drone  
  28  2:22  Drone  
  30  2:32  Drone  
  30  2:35  Drone  
  32  2:42  Drone  
  32  2:43  Drone  
  34  2:45  Extractor  
  34  2:47  Extractor  
  34  2:48  Queen  
  34  2:55  Overlord  
  34  2:56  Drone  
  36  2:58  Drone  
  36  3:00  Overlord  
  36  3:05  Extractor x2, Drone x2  
  36  3:09  Overlord  
  36  3:15  Drone x3  
  36  3:16  Drone  
  36  3:18  Queen  
  42  3:21  Drone  
  43  3:28  Drone x3  
  43  3:32  Drone x2  
  48  3:36  Drone x2  
  48  3:38  Drone  
  51  3:49  Overlord  
  51  3:50  Drone x2  
  51  3:52  Queen  
  51  3:54  Drone  
  56  3:59  Drone x2  
  56  4:02  Lair  
  58  4:04  Drone  
  58  4:06  Drone  
  58  4:07  Drone  
  61  4:14  Overlord x2  
  61  4:15  Drone  
  61  4:17  Drone  
  63  4:23  Queen  
  65  4:27  Drone  
  65  4:29  Overlord  
  66  4:39  Drone x10  
  66  4:42  Drone, Extractor  
  66  4:43  Drone, Extractor  
  66  4:44  Drone  
  66  4:45  Drone  
  78  4:47  Drone  
  78  4:48  Drone  
  80  4:56  Overlord x2  
  80  4:57  Overlord  
  80  5:02  Spire  
  79  5:24  Drone x2  
  81  5:32  Drone x2  
  81  5:33  Overlord x3  
  83  5:37  Hatchery  
  83  5:39  Hatchery  
  81  5:55  Drone x2  
  83  5:57  Drone  
  83  6:00  Drone x4  
  83  6:01  Drone  
  89  6:08  Spore Crawler  
  89  6:11  Spire, Spore Crawler  
  84  6:16  Corruptor x12  
  108  6:18  Corruptor  
  108  6:24  Zerg Flyer Armor Level 1  
  102  6:48  Corruptor  
  102  6:49  Corruptor x6  
  116  6:54  Drone x9  
  116  6:57  Extractor  
  116  6:58  Extractor  
  123  7:03  Extractor  
  120  7:12  Extractor  
  119  7:16  Hydralisk Den  
  118  7:24  Hatchery  
  117  7:35  Drone x2  
  117  7:36  Drone x3  
  122  7:43  Extractor x2  
  120  7:45  Hatchery, Evolution Chamber  
  120  7:46  Evolution Chamber  
  120  7:47  Muscular Augments  
  117  7:52  Hatchery  
  104  8:04  Corruptor x8  
  108  8:24  Zerg Flyer Weapons Level 1, Corruptor x5  
  118  8:30  Drone x3  
  118  8:31  Drone x2  
  118  8:32  Drone  
  124  8:50  Zerg Missile Weapons Level 1  
  124  8:51  Zerg Ground Armor Level 1  
  124  8:55  Hydralisk  
  124  8:56  Hydralisk x5  
  124  9:01  Hydralisk  
  136  9:19  Hydralisk  
  136  9:20  Hydralisk x6  
  136  9:23  Overseer  
  150  9:24  Overseer  
  150  9:46  Corruptor x6  
  162  9:53  Overlord x3  
  156  10:07  Corruptor x3  
  156  10:13  Corruptor x2  
  166  10:24  Corruptor x3  
  166  10:28  Corruptor  
  174  10:39  Pneumatized Carapace  
  174  10:40  Drone  
  174  10:41  Corruptor x2  
  174  10:42  Corruptor  
  171  10:53  Corruptor x3  
  177  10:57  Zerg Flyer Weapons Level 2  
  99  11:41  Hydralisk x17  
  129  11:55  Hydralisk x6  
  141  12:26  Hydralisk x9  
  159  12:33  Lurker Den  
Show
View Real Time Build Order
Export as new Build Order

SuGhandee Protoss - Winner!

Build Orders: Nexus First, Carriers, Carrier Rush 

Get SALT Encoding   

  12  0:01  Probe  
  13  0:13  Probe  
  14  0:19  Pylon  
  14  0:25  Probe (Chrono Boost)  
  15  0:38  Probe (Chrono Boost)  
  16  0:45  Probe (Chrono Boost)  
  17  1:01  Nexus  
  17  1:03  Probe  
  18  1:14  Gateway  
  18  1:17  Probe  
  19  1:23  Assimilator  
  19  1:28  Assimilator  
  19  1:30  Probe (Chrono Boost)  
  21  1:40  Probe (Chrono Boost)  
  21  1:45  Probe (Chrono Boost)  
  21  1:46  Pylon  
  22  1:56  Probe  
  23  2:01  Cybernetics Core  
  23  2:04  Zealot  
  25  2:14  Probe x2 (Chrono Boost)  
  27  2:26  Probe (Chrono Boost)  
  27  2:27  Probe (Chrono Boost)  
  29  2:35  Probe x2 (Chrono Boost)  
  31  2:39  Stargate  
  31  2:40  Probe x2 (Chrono Boost)  
  33  2:48  Assimilator  
  33  2:50  Assimilator  
  33  2:52  Probe  
  33  2:53  Probe  
  35  3:01  Shield Battery  
  35  3:04  Probe  
  36  3:09  Protoss Air Weapons Level 1  
  36  3:11  Probe  
  37  3:15  Pylon  
  37  3:16  Probe  
  37  3:19  Stargate  
  38  3:23  Probe  
  39  3:33  Probe  
  44  3:35  Void Ray (Chrono Boost)  
  44  3:36  Probe  
  45  3:45  Probe  
  46  3:52  Fleet Beacon  
  46  3:57  Probe  
  46  4:01  Pylon  
  47  4:03  Probe  
  47  4:05  Pylon  
  48  4:23  Nexus  
  54  4:40  Carrier (Chrono Boost)  
  54  4:41  Carrier (Chrono Boost)  
  60  4:51  Forge  
  60  5:02  Probe, Pylon  
  61  5:09  Probe  
  62  5:14  Probe  
  62  5:21  Probe  
  64  5:25  Shield Battery, Photon Cannon  
  64  5:27  Probe (Chrono Boost)  
  65  5:33  Probe (Chrono Boost)  
  66  5:36  Probe (Chrono Boost)  
  72  5:44  Probe (Chrono Boost)  
  72  5:45  Probe (Chrono Boost)  
  72  5:46  Probe (Chrono Boost), Void Ray  
  72  5:48  Assimilator  
  74  5:50  Probe (Chrono Boost)  
  74  5:51  Probe x2 (Chrono Boost), Assimilator  
  77  5:59  Probe  
  77  6:00  Pylon  
  77  6:02  Probe  
  77  6:03  Probe  
  84  6:18  Void Ray  
  84  6:20  Protoss Air Weapons Level 2  
  90  6:27  Mothership (Chrono Boost)  
  94  6:36  Void Ray  
  94  6:42  Probe (Chrono Boost)  
  94  6:44  Pylon  
  94  6:46  Pylon  
  96  6:55  Probe (Chrono Boost)  
  96  6:57  Stargate  
  96  7:00  Twilight Council  
  100  7:01  Void Ray (Chrono Boost)  
  100  7:15  Probe  
  105  7:17  Probe, Void Ray (Chrono Boost)  
  105  7:18  Photon Cannon x2  
  100  7:29  Probe  
  95  7:32  Photon Cannon  
  95  7:33  Photon Cannon  
  99  7:38  Void Ray (Chrono Boost)  
  99  7:43  Photon Cannon  
  105  7:54  Carrier (Chrono Boost)  
  105  7:58  Probe  
  106  8:04  Pylon  
  110  8:12  Void Ray (Chrono Boost)  
  110  8:17  Carrier (Chrono Boost)  
  110  8:23  Flux Vanes  
  110  8:25  Pylon  
  116  8:28  Templar Archives  
  116  8:29  Probe  
  117  8:35  Shield Battery  
  117  8:40  Carrier (Chrono Boost)  
  117  8:43  Gateway  
  117  8:46  Gateway  
  123  8:50  Pylon  
  123  8:53  Pylon  
  123  9:00  Photon Cannon  
  123  9:01  Nexus  
  129  9:03  Pylon  
  129  9:04  Pylon, Carrier (Chrono Boost)  
  129  9:06  Protoss Air Weapons Level 3 (Chrono Boost)  
  129  9:13  Nexus  
  129  9:21  Protoss Shields Level 1  
  135  9:25  Photon Cannon  
  135  9:26  Photon Cannon, Psionic Storm  
  135  9:27  Gateway  
  135  9:28  Carrier (Chrono Boost)  
  135  9:30  Probe x3  
  138  9:39  Cybernetics Core  
  138  9:40  High Templar  
  140  9:57  Pylon  
  138  10:04  Probe  
  138  10:05  Probe  
  138  10:06  Probe  
  141  10:11  Photon Cannon  
  141  10:13  Carrier (Chrono Boost)  
  147  10:15  Shield Battery  
  147  10:16  Photon Cannon  
  153  10:24  Carrier (Chrono Boost)  
  153  10:31  Probe x2, Assimilator  
  153  10:32  Probe x2  
  153  10:33  Assimilator  
  157  10:36  Pylon  
  157  10:42  Carrier (Chrono Boost)  
  157  10:47  Warp Gate (Chrono Boost)  
  163  10:54  Photon Cannon  
  163  10:56  Probe  
  164  10:58  Probe  
  164  11:19  Mothership (Chrono Boost)  
  152  11:29  Carrier (Chrono Boost)  
  152  11:30  Carrier (Chrono Boost)  
  140  11:36  Carrier (Chrono Boost)  
  146  11:53  Probe  
  147  12:11  Robotics Facility  
  147  12:31  High Templar x2  
  147  12:32  Photon Cannon, High Templar x2  
  173  13:02  Observer  
Tags
 
Add a new tag
Caveats
  • Supply blocks, unpowered buildings, or Contaminate may cause inaccurate times.
  • Supply counts are checked every 10 seconds.